 Dungeon Crawl Stone Soup version 0.28-a0-862-g58c29a6370 (webtiles) character file.

Game seed: 549709132285701163

80 Froggeryz the Sneak (level 4, -1/39 HPs)
             Began as a Gargoyle Enchanter on Nov 16, 2021.
             Slain by Natasha (5 damage)
             ... on level 2 of the Dungeon.
             The game lasted 00:02:27 (2081 turns).

Froggeryz the Sneak (Gargoyle Enchanter)            Turns: 2081, Time: 00:02:28

Health: -1/39      AC: 22    Str: 13    XL:     4   Next: 39%
Magic:  7/7        EV:  2    Int: 15    God:
Gold:   48         SH:  0    Dex: 10    Spells: 7/7 levels left

rFire   . . .      SeeInvis .   a - +1 dagger
rCold   . . .      Faith    .   (no shield)
rNeg    + . .      Spirit   .   (armour currently unavailable)
rPois   ∞          Reflect  .   (helmet currently unavailable)
rElec   .          Harm     .   (cloak currently unavailable)
rCorr   .          Rampage  .   (gloves currently unavailable)
Will    .....      NoTele   +   (boots currently unavailable)
Stlth   ++........              (no amulet)
HPRegen 0.13/turn               (no ring)
MPRegen 0.10/turn               (no ring)

@: mighty, tree-form, slowed, very slow
A: stationary, stasis, torment immunity, boosted hp, sickness immunity, AC +3,
negative energy resistance 1, (electricity resistance), torment resistance 1,
petrification resistance
a: no special abilities


You were on level 2 of the Dungeon.
You were a tree.
You visited 1 branch of the dungeon, and saw 2 of its levels.

You collected 48 gold pieces.

Inventory:

Hand Weapons
 a - a +1 dagger (weapon)
Missiles
 e - 5 datura-tipped darts (quivered)
Armour
 g - a +0 ring mail (melded)
Scrolls
 d - a scroll of summoning {unknown}
 h - a scroll of vulnerability {unknown}
Potions
 c - 3 potions of invisibility


   Skills:
 - Level 2.1 Fighting
 - Level 2.0 Short Blades
 + Level 1.1 Throwing
 * Level 2.0 Armour
 - Level 1.5 Dodging
 - Level 3.2 Stealth
 - Level 2.0 Spellcasting
 - Level 2.6 Hexes


You had 7 spell levels left.
You didn't know any spells.
Your spell library contained the following spells:

 Spells                   Type           Power      Damage    Failure   Level
 Ensorcelled Hibernation  Hex/Ice        10%        N/A       19%         2
 Confusing Touch          Hex            9%         N/A       22%         3
 Tukima's Dance           Hex            9%         N/A       22%         3
 Dazzling Flash           Conj/Hex       10%        N/A       36%         3


Dungeon Overview and Level Annotations

Branches:
Dungeon (2/15)

Altars:

Annotations:
D:2 Natasha


Innate Abilities, Weirdness & Mutations

You are a tree.
Your roots penetrate the ground, keeping you stationary.
You cannot be teleported.
You are immune to unholy pain and torment.
Your maximum health is greatly increased.
Your equipment is partially melded.
You are immune to sickness and miasma.
((Your stone body is resilient. (AC +3)))
You are immune to poison.
You resist negative energy. (rN+)
((You are resistant to electric shocks. (rElec)))
You are resistant to unholy torment.
You are immune to petrification.


Message History

You are too injured to fight recklessly!
You are too injured to fight recklessly!
You are too injured to fight recklessly!
You are too injured to fight recklessly!
You are too injured to fight recklessly!
You are too injured to fight recklessly!
You are too injured to fight recklessly!
You are too injured to fight recklessly!
You are too injured to fight recklessly!
You hit Natasha.
Natasha is moderately wounded.
Natasha stares at you and mumbles some strange words.
You feel yourself slow down. The crimson imp barely misses you.
It was a potion of might.
You feel very mighty all of a sudden. Natasha closely misses you.
The crimson imp barely misses you.
Natasha stares at you and mumbles some strange words.
The magic dart hits you.
* * * LOW HITPOINT WARNING * * *
The crimson imp closely misses you.
It was a potion of magic.
Magic courses through your body. Natasha casts a spell at you.
You resist with some effort.
The crimson imp hits you but does no damage.
It was a potion of lignification.
You turn into a tree.
Your +0 ring mail melds into your body.
Your roots penetrate the ground.
Natasha claws you.
* * * LOW HITPOINT WARNING * * *
The crimson imp hits you but does no damage.
Natasha claws you but does no damage.
The crimson imp hits you but does no damage.
You hit Natasha.
Natasha is heavily wounded.
Natasha barely misses you.
The crimson imp blinks!
You miss Natasha.
Natasha is heavily wounded.
Natasha casts a spell at you.
You feel as though you will be slow longer.
The crimson imp blinks!
Natasha claws you.
You die...

..........
......##### ..
#.........# ..
#.#######.# ###.
..#.......# .§.
..#.......# ..
..#.......# .####
..........######.h.#
..........'....#♣#.#
..........####'#+#.#
.##.......##....h..#
.##.......##.......#
.##.....####.......#
........#
###............
........###
#....##......
..........#........
......
..^.......#....#....
.....


You could see Natasha.

Vanquished Creatures
  An adder (D:1)
  An adder skeleton (D:2)
  3 dart slugs
  A ball python (D:1)
  4 bats
  5 endoplasms
  A giant cockroach (D:2)
  5 goblins (D:1)
  2 hobgoblins
  3 kobolds
  A quokka (D:1)
  8 rats
35 creatures vanquished.

Vanquished Creatures (collateral kills)
  Natasha (D:2)
1 creature vanquished.

Grand Total: 36 creatures vanquished

Notes
Turn   | Place    | Note
-------+----------+-------------------------------------------
     0 | D:1      | Froggeryz the Gargoyle Enchanter began the quest for the
                  | Orb.
     0 | D:1      | Reached XP level 1. HP: 10/10 MP: 3/3
     8 | D:1      | Noticed an electric eel
    68 | D:1      | Reached skill level 1 in Fighting
   300 | D:1      | Reached XP level 2. HP: 16/17 MP: 5/5
   702 | D:1      | Reached skill level 1 in Short Blades
   890 | D:1      | Reached XP level 3. HP: 13/21 MP: 6/6
  1359 | D:2      | Found a faded altar of an unknown god.
  1359 | D:2      | Noticed Natasha
  1365 | D:2      | Killed Natasha
  1366 | D:2      | Reached skill level 1 in Armour
  1366 | D:2      | Reached XP level 4. HP: 26/26 MP: 7/7
  1493 | D:2      | Reached skill level 1 in Throwing
  2054 | D:2      | Noticed Natasha
  2081 | D:2      | Slain by Natasha

Illustrated notes

Levels and vault maps discovered:
D:1:      arrival_aquarium_a, layout_basic
D:2:      layout_basic, shapermc_ecumenical_altar_starsandcircs,
          minmay_close_crescents, uniq_natasha

Skill      XL: |  1  2  3  4 |
---------------+-------------+-----
Fighting       | 1 2 |  2.1
Short Blades   | 1 2 |  2.0
Armour         | 1 2 |  2.0
Throwing       | 1 |  1.1
Dodging        | |  1.5
Stealth        | |  3.2
Spellcasting   | |  2.0
Hexes          | |  2.6

Action                   |  1- 3 |  4- 6 || total
-------------------------+-------+-------++-------
Melee: Dagger            |    97 |    69 ||   166
Throw: Dart              |     2 |       ||     2
  Use: Potion            |       |     3 ||     3
 Stab: Sleeping          |     5 |     1 ||     6
Armor: Robe              |    33 |    15 ||    48
       Ring mail         |       |    20 ||    20
       Skin              |       |     3 ||     3
Dodge: Dodged            |    52 |    34 ||    86

Table legend: (Time is in decaauts)
 A = Elapsed time spent in this place.
 B = Non-inter-level travel time spent in this place.
 C = Inter-level travel time spent in this place.
 D = Time resting spent in this place.
 E = Time spent auto-exploring this place.
 F = Levels seen in this place.
 G = Mean time per level.
                   A        B        C        D        E       F      G
               +--------+--------+--------+--------+--------+-----+--------+
         Total |   2071 |   2048 |     23 |    737 |    949 |   2 | 1035.5 |
       Dungeon |   2071 |   2048 |     23 |    737 |    949 |   2 | 1035.5 |
               +--------+--------+--------+--------+--------+-----+--------+

Top non-repeatable levels by time:
     D:1: 1447 daAuts
     D:2: 624 daAuts
